 Dungeon Crawl Stone Soup version 0.27-a0-988-g25969acef8 (webtiles) character file.

Game seed: 4809401435579482744

40415 wakim the Grappler (level 13, -10/131 HPs)
             Began as a Troll Berserker on Apr 16, 2021.
             Was a High Priest of Trog.
             Killed from afar by a bog body (45 damage)
             ... with a bolt of cold
             ... on level 4 of the Lair of Beasts.
             The game lasted 00:52:19 (13073 turns).

wakim the Grappler (Troll Berserker)               Turns: 13073, Time: 00:52:19

Health: -10/131    AC: 18    Str: 26    XL:     13   Next: 74%
Magic:  12/12      EV: 17    Int:  4    God:    Trog [*****.]
Gold:   1626       SH: 12    Dex: 14    Spells: 12/12 levels left

rFire    . . .     SeeInvis .     - Unarmed
rCold    . . .     Faith    .   l - +1 kite shield {AC+3}
rNeg     . . .     Spirit   .   a - +0 acid dragon scales
rPois    +         Reflect  .   y - +1 hat
rElec    .         Harm     .   n - +0 cloak
rCorr    +         Rampage  .   (gloves unavailable)
Will     +....                  (boots unavailable)
Stlth    +.........             z - amulet of regeneration
HPRegen  2.31/turn              d - +4 ring of protection
MPRegen  0.13/turn              g - ring "Womifaoth" {rPois Will+ EV+4 Str-5 Dex+5}

@: studying Throwing
A: large, unfitting armour, claws 3, regeneration 1, shaggy fur 1, tough skin 1
a: Renounce Religion, Berserk, Trog's Hand, Brothers in Arms


You were on level 4 of the Lair of Beasts.
You worshipped Trog.
Trog was extremely pleased with you.
You visited 3 branches of the dungeon, and saw 15 of its levels.
You also visited: Gauntlet and Volcano.

You collected 1738 gold pieces.
You spent 112 gold pieces at shops.

Inventory:

Missiles
 c - 21 boomerangs (quivered)
 j - a curare-tipped dart {=f}
 p - 5 datura-tipped darts
 E - 18 silver javelins
Armour
 a - +0 acid dragon scales (worn)
 l - a +1 kite shield of protection (worn)
 n - a +0 cloak (worn)
 y - a +1 hat (worn)
 D - the +2 cloak of the Thief {*Fog Slay-2 SInv Stlth+}
   (You found it in a Gauntlet)

   It affects your accuracy and damage with ranged weapons and melee attacks
   (-2).
   It lets you see invisible.
   It makes you more stealthy.
Jewellery
 b - a +6 ring of strength
 d - a +4 ring of protection (left claw)
 e - a ring of protection from fire
 g - the ring "Womifaoth" (right claw) {rPois Will+ EV+4 Str-5 Dex+5}
   (You acquired it on level 7 of the Dungeon)

   [ring of evasion]

   It affects your evasion (+4).
   It affects your strength (-5).
   It affects your dexterity (+5).
   It protects you from poison.
   It increases your willpower.
 o - an amulet of guardian spirit
 z - an amulet of regeneration (around neck)
Wands
 u - a wand of mindburst (23)
 v - a wand of flame (11)
 w - a wand of acid (2)
 x - a wand of iceblast (15)
Scrolls
 q - 2 scrolls of enchant weapon
 R - a scroll of magic mapping {!r}
 T - 2 scrolls of teleportation
 U - a scroll of fear
 Y - a scroll of blinking {!r}
Potions
 f - 6 potions of curing
 k - a potion of cancellation {unknown}
 m - a potion of mutation {unknown}
 B - a potion of attraction {!q}
 C - 3 potions of berserk rage {!q}
 H - 2 potions of haste
 I - a potion of invisibility
 J - a potion of heal wounds
 L - 6 potions of lignification {!q}
 N - 4 potions of might
 O - 2 potions of resistance


   Skills:
 + Level 9.6 Fighting
 * Level 9.2 Throwing
 + Level 5.0 Armour
 + Level 8.8 Dodging
 + Level 8.3 Shields
 * Level 13.6 Unarmed Combat


You had 12 spell levels left.
You didn't know any spells.
Your spell library was empty.

Dungeon Overview and Level Annotations

Branches:
Dungeon (10/15)            Temple (1/1) D:7            Lair (4/6) D:9
  Swamp (0/4) Lair:4       Spider (0/4) Lair:3      Volcano (visited)
Gauntlet (visited)
    Orc: D:9-12

Altars:
Zin

Shops:
D:5 !   D:6 *

Annotations:
Lair:2 1 runed translucent door, Vude's ghost, journeyman HOMo
Lair:4 2 transporters, Quyjis's ghost, journeyman DDGl


Innate Abilities, Weirdness & Mutations

You are too large for most types of armour.
You have claws for hands.
Your natural rate of healing is unusually fast.
You are covered in fur. (AC +1)
You have tough skin. (AC +1)


Message History

You kill the swamp worm!
Trog accepts your kill.
A bog body comes into view.
Found a staircase to the Swamp.
An electric eel comes into view.
The bog body gestures at you while chanting.
The bolt of cold hits you!!
The electric eel shoots out a bolt of lightning at you!
The bolt of electricity hits you. The bog body misses you.
The electric eel shoots out a bolt of lightning at you!
The bolt of electricity hits you!
You mangle the bog body!!
The bog body is severely damaged.
The bog body points at you and mumbles some strange words.
The bolt of cold hits you but does no damage.
The bog body touches you! The bog body freezes you!!
You block the bog body's attack.
You miss the electric eel. You closely miss the electric eel.
The bog body gestures at you while chanting.
You resist with almost no effort.
You barely miss the electric eel. You block the bog body's attack.
You miss the electric eel. The bog body touches you! The bog body freezes you!!
* * * LOW HITPOINT WARNING * * *
You mangle the electric eel!!
You kill the electric eel!
Trog accepts your kill.
You claw the bog body!
The bog body is almost destroyed.
The bog body touches you.
* * * LOW HITPOINT WARNING * * *
The bog body freezes you!
* * * LOW HITPOINT WARNING * * *
Okay, then.
You closely miss the bog body.
The bog body is almost destroyed.
The bog body casts a spell at you. The bolt of cold hits you!!!
You die...

....###..P...♣♣≈♣.≈♣♣.##.....###.
#..## #.P##..♣♣♣†.♣♣♣♣##......#..
#...###.##.(.♣♣≈♣.≈♣♣###......#..
#............♣♣≈..≈♣♣.........(..
.............♣♣≈♣.≈♣♣............
#............♣♣≈..≈♣♣............
.............♣♣≈§§§♣♣............
.............♣♣≈.n§♣♣.......P###.
....###.###...♣≈@§§♣.........####
#..####..###P.♣≈§§§♣♣..#....P#...
#...#......##.♣≈≈§§♣.###.........
#..+.......#..♣♣♣♣♣♣..##.........
#...........#..♣♣♣♣...........+##
#..........PP..##.....+.....#....
...#P..........##.#...##...P#.#.+
#..##......##..P.##....#....P...#
#..#.........................P#..


You could see a bog body.

Vanquished Creatures
  A minotaur (Gauntlet)
  Josephine (Lair:4)
  3 hydras
  A centaur warrior (Volcano)
  2 catoblepae
  2 two-headed ogres (D:6)
  A hell knight (Volcano)
  A fire crab (Gauntlet)
  A bog body (Lair:4)
  A lindwurm (Lair:3)
  Pikel (D:5)
  4 elephants (Lair:3)
  A black mamba (Lair:3)
  17 cane toads
  An ice statue (Gauntlet)
  An unseen horror (D:6)
  Maggie (Lair:2)
  4 rime drakes
  6 komodo dragons
  3 yaktaurs (Volcano)
  A minotaur zombie (Gauntlet)
  2 polar bears (Lair:2)
  Prince Ribbit (Lair:2)
  A hornet (Lair:3)
  A large abomination (Gauntlet)
  Grinder (D:5)
  7 blink frogs
  6 slime creatures
  Sigmund (D:2)
  5 wraiths (Lair:4)
  A spriggan (Lair:2)
  9 wyverns
  37 yaks
  6 fire bats (Gauntlet)
  Eustachio (D:5)
  4 basilisks
  2 steam dragons
  2 vampire mosquitoes (D:9)
  An acid dragon (D:9)
  2 swamp worms (Lair:4)
  3 hell hounds (Gauntlet)
  11 water moccasins
  4 black bears
  An orc warrior (D:8)
  2 ice beasts
  4 necrophages
  5 small abominations (Gauntlet)
  2 ogres
  8 wolves
  8 centaurs
  A phantom (D:6)
  2 kobold brigands
  3 lemures
  15 bullfrogs
  A gnoll sergeant (D:7)
  4 scorpions (D:5)
  5 wights
  2 electric eels
  4 hounds
  2 centaur skeletons (D:7)
  5 centaur zombies
  An orc priest (D:7)
  Crazy Yiuf (D:7)
  A gnoll shaman (D:7)
  2 jellies (D:6)
  A bullfrog skeleton (D:6)
  Jessica (D:3)
  4 iguanas
  Terence (D:3)
  5 orc wizards
  2 killer bee zombies
  A howler monkey zombie (D:7)
  9 gnolls (D:7)
  6 adders
  2 shadow imps
  A white imp (D:7)
  An ufetubus (D:6)
  An adder skeleton (D:4)
  A worm (D:2)
  6 dart slugs
  17 orcs
  6 bats
  5 endoplasms
  5 giant cockroaches
  5 goblins
  6 hobgoblins
  4 jackals
  11 kobolds
  3 quokkas
  3 ball pythons
  2 frilled lizards
  7 rats
357 creatures vanquished.

Vanquished Creatures (others)
  6 fungi
  40 plants
  8 toadstools (Lair:3)
  3 withered plants (D:7)
57 creatures vanquished.

Grand Total: 414 creatures vanquished

Notes
Turn   | Place    | Note
-------+----------+-------------------------------------------
     0 | D:1      | wakim the Troll Berserker began the quest for the Orb.
     0 | D:1      | Reached XP level 1. HP: 22/22 MP: 0/0
   166 | D:1      | Reached XP level 2. HP: 29/29 MP: 1/1
   647 | D:2      | Found a faded altar of an unknown god.
   660 | D:2      | Reached XP level 3. HP: 36/36 MP: 2/2
  1073 | D:2      | Noticed Sigmund
  1104 | D:2      | Reached skill level 4 in Unarmed Combat
  1110 | D:2      | Killed Sigmund
  1111 | D:2      | Reached skill level 5 in Unarmed Combat
  1111 | D:2      | Reached XP level 4. HP: 41/45 MP: 3/3
  1111 | D:2      | Reached XP level 5. HP: 49/53 MP: 4/4
  1216 | D:2      | Reached ** piety under Trog
  1434 | D:3      | Noticed Jessica
  1464 | D:3      | Killed Jessica
  1495 | D:3      | Reached XP level 6. HP: 56/61 MP: 5/5
  1542 | D:3      | Noticed Terence
  1552 | D:3      | Killed Terence
  1672 | D:3      | You fall into a shaft and drop 3 floors!
  1756 | D:6      | Noticed a water moccasin
  1769 | D:6      | Killed a water moccasin
  1770 | D:6      | Reached skill level 6 in Unarmed Combat
  1770 | D:6      | Reached XP level 7. HP: 68/68 MP: 6/6
  1798 | D:6      | Found Zin's Purification Station.
  1801 | D:6      | Found a glowing silver altar of Zin.
  2028 | D:5      | Entered Level 5 of the Dungeon
  2574 | D:4      | Reached skill level 7 in Unarmed Combat
  2852 | D:4      | Reached XP level 8. HP: 79/79 MP: 7/7
  3164 | D:4      | Identified a scroll of acquirement
  3164 | D:4      | Acquired a +0 kite shield of protection
  3167 | D:5      | Noticed Pikel
  3212 | D:5      | Killed Pikel
  3542 | D:5      | Reached skill level 8 in Unarmed Combat
  3556 | D:5      | Reached skill level 5 in Fighting
  3556 | D:5      | Reached skill level 5 in Dodging
  3710 | D:5      | Found Rakhlo's Distillery.
  3722 | D:5      | Bought a potion of heal wounds for 70 gold pieces
  3722 | D:5      | Bought a potion of curing for 42 gold pieces
  3916 | D:5      | Noticed Eustachio
  3924 | D:5      | Killed Eustachio
  3925 | D:5      | Reached XP level 9. HP: 88/88 MP: 8/8
  3929 | D:5      | Reached *** piety under Trog
  4141 | D:5      | Noticed Grinder
  4146 | D:5      | Killed Grinder
  4518 | D:6      | Killed an unseen horror
  4519 | D:6      | Reached skill level 9 in Unarmed Combat
  4606 | D:6      | Noticed a two-headed ogre
  4614 | D:6      | Killed a two-headed ogre
  4709 | D:6      | Reached skill level 5 in Shields
  4891 | D:6      | Noticed a two-headed ogre
  4901 | D:6      | Killed a two-headed ogre
  4902 | D:6      | Reached XP level 10. HP: 98/98 MP: 7/9
  5079 | D:6      | Acquired 665 gold pieces
  5161 | D:7      | Found a staircase to the Ecumenical Temple.
  5171 | Temple   | Entered the Ecumenical Temple
  5244 | D:7      | Reached skill level 10 in Unarmed Combat
  5423 | D:7      | Acquired the ring "Womifaoth" {rPois Will+ EV+4 Str-5
                  | Dex+5}
  5558 | D:7      | Found a runed translucent door.
  5559 | D:7      | Noticed Crazy Yiuf
  5565 | D:7      | Killed Crazy Yiuf
  5632 | D:7      | Reached **** piety under Trog
  6833 | D:9      | Found a staircase to the Lair.
  7309 | D:10     | Entered Level 10 of the Dungeon
  7340 | D:9      | Reached skill level 11 in Unarmed Combat
  7394 | D:9      | Reached XP level 11. HP: 83/107 MP: 8/10
  7396 | D:9      | Reached skill level 1 in Throwing
  7483 | Lair:1   | Entered Level 1 of the Lair of Beasts
  7552 | Lair:1   | Reached skill level 1 in Armour
  7569 | Lair:1   | Reached ***** piety under Trog
  8371 | Lair:1   | Reached skill level 12 in Unarmed Combat
  8371 | Lair:1   | Reached XP level 12. HP: 119/119 MP: 11/11
  8744 | Lair:2   | Noticed a catoblepas
  8745 | Lair:2   | Noticed Prince Ribbit
  8772 | Lair:2   | Killed a catoblepas
  8773 | Lair:2   | Reached skill level 5 in Throwing
  8789 | Lair:2   | Killed Prince Ribbit
  8877 | Lair:2   | Noticed a seven-headed hydra
  8897 | Lair:2   | Killed a 15-headed hydra
  9092 | Lair:2   | Noticed a four-headed hydra
  9350 | Lair:2   | Found a runed translucent door.
  9362 | Lair:2   | Noticed Vude's ghost (journeyman HOMo)
  9364 | Lair:2   | Identified the +6 spear "Killer Bee's Death" {vorpal, rPois
                  | rF+ Int-5 SInv}
  9364 | Lair:2   | Noticed Maggie
  9374 | Lair:2   | Killed Maggie
  9478 | Lair:2   | Received a gift from Trog
  9746 | Lair:3   | Noticed a seven-headed hydra
  9777 | Lair:3   | Killed a seven-headed hydra
  9861 | Lair:3   | Found a dark tunnel.
  9867 | Volcano  | Entered a volcano
  9885 | Volcano  | Noticed a centaur warrior
  9921 | Volcano  | Killed a centaur warrior
  9925 | Volcano  | Found a bloodstained altar of Trog.
 10189 | Lair:3   | Reached XP level 13. HP: 129/131 MP: 12/12
 10212 | Lair:3   | Reached skill level 13 in Unarmed Combat
 10237 | Lair:3   | Found a hole to the Spider Nest.
 10658 | Lair:3   | Found a runed translucent door.
 11380 | Lair:4   | Found a gate leading to a gauntlet.
 11406 | Gauntlet | Entered a Gauntlet
 11406 | Gauntlet | Found a transporter.
 11406 | Gauntlet | Found a transporter.
 11410 | Gauntlet | Found a transporter.
 11424 | Gauntlet | Found a transporter.
 11430 | Gauntlet | Noticed an entropy weaver
 11433 | Gauntlet | Found the +2 cloak of the Thief {*Fog Slay-2 SInv Stlth+}
 11434 | Gauntlet | Found a transporter.
 11434 | Gauntlet | Found a transporter.
 11456 | Gauntlet | Found a transporter.
 11463 | Gauntlet | Found a transporter.
 11475 | Gauntlet | Found a transporter.
 11477 | Gauntlet | Found a large runed translucent door.
 11478 | Gauntlet | Found a large runed translucent door.
 11480 | Gauntlet | Found a runed translucent gate.
 11518 | Gauntlet | Found a transporter.
 11525 | Gauntlet | Found a transporter.
 11547 | Gauntlet | Found a transporter.
 11551 | Gauntlet | Found a large runed translucent door.
 11552 | Gauntlet | Found a large runed translucent door.
 11553 | Gauntlet | Found a large runed translucent door.
 11553 | Gauntlet | Found a large runed translucent door.
 11553 | Gauntlet | Found a large runed translucent door.
 11554 | Gauntlet | Found a runed translucent door.
 11593 | Gauntlet | Found a transporter.
 11615 | Gauntlet | Found a transporter.
 11709 | Gauntlet | Found a transporter.
 11711 | Gauntlet | Found a large runed translucent door.
 11712 | Gauntlet | Found a large runed translucent door.
 11713 | Gauntlet | Found a runed translucent door.
 11713 | Gauntlet | Found a large runed translucent door.
 11713 | Gauntlet | Found a large runed translucent door.
 11714 | Gauntlet | Found a large runed translucent door.
 11717 | Gauntlet | Found a large runed translucent door.
 11717 | Gauntlet | Found a large runed translucent door.
 11719 | Gauntlet | Found a large runed translucent door.
 11719 | Gauntlet | Found a large runed translucent door.
 11721 | Gauntlet | Found a runed translucent gate.
 11721 | Gauntlet | Found a runed translucent gate.
 11723 | Gauntlet | Found a transporter.
 12317 | Gauntlet | Noticed a minotaur
 12333 | Gauntlet | Killed a minotaur
 12341 | Gauntlet | Identified Porphenu's Tome of Flamy Summoning
 12341 | Gauntlet | Identified the +6 long sword of Guile {flame, Str+2}
 12392 | Lair:4   | Noticed Josephine
 12401 | Lair:4   | Killed Josephine
 12496 | Lair:4   | Found a transporter.
 12500 | Lair:4   | Found a transporter.
 12814 | Lair:4   | Reached skill level 5 in Armour
 12965 | Lair:4   | Noticed Quyjis's ghost (journeyman DDGl)
 13059 | Lair:4   | Found a staircase to the Swamp.
 13073 | Lair:4   | Killed from afar by a bog body

Illustrated notes

Levels and vault maps discovered:
D:1:      saegor_arrival_simple_a, layout_rooms, hangedman_glass_teeth
D:2:      layout_basic, ebering_ecumenical_altar_sacrificial, uniq_sigmund
D:3:      layout_rooms, uniq_terence, uniq_jessica
D:4:      layout_loops_ring
D:5:      layout_cave_pods, serial_shops, shop, corexii_hall_statues_u,
          corexii_corridor_pit, uniq_pikel, uniq_eustachio, uniq_grinder
D:6:      layout_loops_ring, zin_purify, kb_rosetta
D:7:      layout_rooms, minmay_temple_entry_offerings, serial_undead,
          serial_undead_b, serial_undead_c, serial_undead_d, serial_undead_b,
          uniq_crazy_yiuf_cottage
D:8:      layout_basic
D:9:      layout_roguey, lair_entry_dummy
D:10:     layout_cross, kennysheep_generic_room_7
Temple:   kilobyte_greek_temple
Lair:1:   layout_chaotic_city, beast_lair_carwin_7
Lair:2:   nzn_winding_woodlands_huge [nzn_winding_woodlands_5x15_river_crossing,
          nzn_winding_woodlands_5x15_parted, nzn_winding_woodlands_5x15_jagged,
          nzn_winding_woodlands_5x15_longhouse,
          nzn_winding_woodlands_5x15_twine, nzn_winding_woodlands_5x15_garden,
          nzn_winding_woodlands_5x15_zeroes, nzn_winding_woodlands_5x15_cabin,
          nzn_winding_woodlands_5x15_crooked,
          nzn_winding_woodlands_5x15_sawtooth,
          nzn_winding_woodlands_center_triple_pond,
          nzn_winding_woodlands_center_pierced_h,
          nzn_winding_woodlands_15x15_boxy_spiral], layout_misc_corridors,
          ebering_ghost_funeral_grove, chequers_serial_rivers_small_a,
          grunt_forest_stairs_clearing, uniq_maggie, uniq_prince_ribbit2
Lair:3:   gammafunk_lair_enchanted_lake, layout_cave_shapes,
          spider_nest_entry_webs, nicolae_volcano_entry_s_turn
Lair:4:   layout_regular_city, nicolae_swamp_entry_splash_gauntlet,
          gammafunk_ghost_hive, gauntlet_entry_generic, minivault_11,
          beast_lair_carwin_1, uniq_josephine

Skill      XL: |  1  2  3  4  5  6  7  8  9 10 11 12 13 |
---------------+----------------------------------------+-----
Unarmed Combat | 5 6 7 8 9 11 12 13 | 13.6
Fighting       | 3 4 5 6 8 9 |  9.6
Dodging        | 3 4 5 6 7 8 |  8.8
Shields        | 3 5 6 7 8 |  8.3
Throwing       | 4 6 9 |  9.2
Armour         | 2 4 5 |  5.0

Action                   |  1- 3 |  4- 6 |  7- 9 | 10-12 | 13-15 || total
-------------------------+-------+-------+-------+-------+-------++-------
Melee: Unarmed           |    88 |    74 |   190 |   657 |   298 ||  1307
       Punch             |     1 |       |     1 |       |       ||     2
Throw: Dart              |       |       |       |    12 |       ||    12
       Boomerang         |       |       |       |    33 |    12 ||    45
Invok: Berserk           |     1 |     3 |    10 |    10 |     6 ||    30
       Trog's Hand       |       |     2 |     2 |     9 |     4 ||    17
Evoke: Wand              |       |       |       |     7 |       ||     7
  Use: Scroll            |       |       |     5 |    11 |     7 ||    23
       Potion            |       |       |       |     1 |     1 ||     2
 Stab: Sleeping          |     1 |       |     1 |     1 |       ||     3
Armor: Animal skin       |    23 |    21 |    13 |       |       ||    57
       Robe              |       |       |    39 |    29 |       ||    68
       Acid dragon scale |       |       |       |   146 |    88 ||   234
Dodge: Dodged            |    44 |    35 |    45 |   329 |   186 ||   639
Block: Kite shield       |       |       |    54 |   405 |   197 ||   656

Table legend: (Time is in decaauts)
 A = Elapsed time spent in this place.
 B = Non-inter-level travel time spent in this place.
 C = Inter-level travel time spent in this place.
 D = Time resting spent in this place.
 E = Time spent auto-exploring this place.
 F = Levels seen in this place.
 G = Mean time per level.
                   A        B        C        D        E       F      G
               +--------+--------+--------+--------+--------+-----+--------+
         Total |  13302 |  12558 |    744 |    779 |   7708 |  17 |  782.5 |
       Dungeon |   7629 |   7095 |    534 |    278 |   4982 |  10 |  762.9 |
        Temple |      1 |      1 |      0 |      0 |      0 |   1 |    1.0 |
          Lair |   4457 |   4247 |    210 |    337 |   2436 |   4 | 1114.2 |
       Volcano |    220 |    220 |      0 |     23 |      0 |   1 |  220.0 |
      Gauntlet |    993 |    993 |      0 |    140 |    290 |   1 |  993.0 |
               +--------+--------+--------+--------+--------+-----+--------+

Top non-repeatable levels by time:
  Lair:3: 1406 daAuts
  Lair:1: 1238 daAuts
     D:5: 1184 daAuts
     D:6: 1181 daAuts
Gauntlet: 993 daAuts
     D:9: 977 daAuts
  Lair:4: 958 daAuts
     D:4: 922 daAuts
  Lair:2: 854 daAuts
     D:2: 836 daAuts
     D:8: 789 daAuts
     D:3: 621 daAuts
     D:7: 555 daAuts
     D:1: 539 daAuts
 Volcano: 220 daAuts
